 Dungeon Sprint DCSS version 0.20-a0-555-gf6ae02d (webtiles) character file.

6430 Gingerlord the Fighter (level 10, -2/89 HPs)
             Began as a Barachian Fighter on Feb 4, 2017.
             Was a High Priest of Okawaru.
             Killed from afar by Harold (4 damage)
             ... with a bolt of fire
             ... in the Dungeon (Sprint IX: "|||||||||||||||||||||||||||||").
             The game lasted 00:04:30 (1974 turns).

Gingerlord the Fighter (Barachian Fighter)          Turns: 1974, Time: 00:04:31

Health: -2/89      AC: 23    Str: 19    XL:     10   Next: 99%
Magic:  17/17      EV: 10    Int:  6    God:    Okawaru [*****.]
Gold:   11         SH: 12    Dex: 13    Spells: 9/9 levels left

rFire    . . .     SeeInvis .   a - +0 long sword
rCold    . . .     Gourm    .   r - +0 plate armour
rNeg     . . .     Faith    .   c - +0 shield
rPois    .         Spirit   .   A - +0 helmet
rElec    .         Reflect  .   q - +0 cloak
rCorr    .         Harm     .   y - +0 pair of gloves
MR       .....     NoTele   +   z - +0 pair of boots
Stlth    ..........             (no amulet)
Regen    0.3/turn               t - +3 ring of dexterity
                                s - +2 ring of protection

@: slowed, very slow
A: swims, slowness 1, strong legs 1
a: Hop, Heroism, Finesse, Renounce Religion


You were in the Dungeon.
You worshipped Okawaru.
Okawaru was extremely pleased with you.
You were not hungry.

You visited 1 branch You collected 11 gold pieces.

Inventory:

Hand Weapons
 a - a +0 long sword (weapon)
 p - a +2 scimitar of holy wrath
Armour
 c - a +0 shield (worn)
 q - a +0 cloak (worn)
 r - a +0 plate armour (worn)
 y - a +0 pair of gloves (worn)
 z - a +0 pair of boots (worn)
 A - a +0 helmet (worn)
Jewellery
 s - a +2 ring of protection (left hand)
 t - a +3 ring of dexterity (right hand)
Wands
 o - a wand of lightning (7/15)
Scrolls
 k - 2 scrolls of blinking
 l - 4 scrolls of enchant armour
 m - 3 scrolls of remove curse
 n - 2 scrolls of amnesia
 u - 2 scrolls of enchant weapon
 v - 2 scrolls of fog
Potions
 b - a potion of resistance
 d - 3 potions of heal wounds
 e - a potion of invisibility
 g - a potion of might
 h - a potion of cure mutation
 i - 4 potions of magic
 j - a potion of berserk rage
Comestibles
 f - 14 bread rations
 w - 13 meat rations
 x - 35 fruits


   Skills:
 + Level 12.2 Fighting
 + Level 12.0 Long Blades
 + Level 12.1 Armour
 + Level 10.9 Dodging
 + Level 11.3 Shields
 + Level 10.0 Invocations


You had 9 spell levels left.
You didn't know any spells.

Dungeon Overview and Level Annotations

Branches:
Dungeon (1/1)

Altars:
Cheibriados
Dithmenos
Elyvilon
Fedhas
Gozag
Hepliaklqana
Kikubaaqudgha
Makhleb
Nemelex Xobeh
Okawaru
Qazlal
Ru
Sif Muna
Trog
Uskayaw
Vehumet
Xom
Yredelemnul
Zin
The Shining One
Beogh
Jiyva
Lugonu

Annotations:
D Harold


Innate Abilities, Weirdness & Mutations

You can swim through water.
You cover ground slowly.
You can hop short distances.


Message History

You hit Harold.
Harold is lightly wounded.
Harold barely misses you.
You riposte.
You barely miss Harold.
Harold is lightly wounded.
You hit Harold but do no damage.
Harold is lightly wounded.
Harold zaps a wand.
The bolt of acid hits you!
You are splashed with acid!
The acid burns!
It is a wand of acid (?/15).
You slash Harold!
Harold is lightly wounded.
Harold hits you but does no damage.
You hit Harold.
Harold is moderately wounded.
Harold gestures at you while chanting. The bolt of fire hits you!
* * * LOW HITPOINT WARNING * * *
Harold grumbles, "Just give up already, I want to go home!"
Harold casts a spell at you. The bolt of fire hits you!
You die...

▓.▓.▓.▓_▓
▓.▓.▓.▓_▓
▓.▓.▓.▓_▓
▓.▓.▓.▓_▓
▓.▓.▓.▓_▓
▓.▓†▓.▓_▓
▓.▓.▓.▓_▓
▓.▓.▓.▓_▓
▓@▓.▓.▓_▓
▓@▓.▓.▓_▓
▓.▓.▓.▓_▓
▓.▓.▓.▓_▓
▓.▓.▓.▓_▓
▓.▓.▓.▓_▓
▓.▓÷▓.▓_▓
▓.▓÷▓.▓_▓
▓.▓.▓_▓


You could see Harold.

Vanquished Creatures
  Erolcha (D)
  An unseen horror (D)
  A manticore (shapeshifter) (D)
  A manticore (D)
  A black mamba (D)
  2 spiny frogs (D)
  2 komodo dragons (D)
  3 polar bears (D)
  A blink frog (D)
  A hippogriff (D)
  2 wyverns (D)
  2 yaks (D)
  Grum (D)
  3 porcupines (D)
  An orc warrior (D)
  5 black bears (D)
  A centaur (D)
  4 wolves (D)
  2 crocodiles (D)
  3 bullfrogs (D)
  A crimson imp (D)
  2 worker ants (D)
  An adder (D)
  A worm (D)
  A leopard gecko (D)
  2 orcs (D)
  2 bat zombies (D)
  3 goblins (D)
  A hobgoblin (D)
  A kobold (D)
53 creatures vanquished.

Notes
Turn   | Place    | Note
-------+----------+-------------------------------------------
     0 | D        | Gingerlord the Barachian Fighter began the quest for the Orb.
     0 | D        | Reached XP level 1. HP: 18/18 MP: 1/1
     8 | D        | Reached skill level 1 in Dodging
   150 | D        | Noticed a crimson imp
   150 | D        | Noticed a worker ant
   159 | D        | Reached XP level 2. HP: 6/25 MP: 2/2
   163 | D        | HP: 1/25 [poisoned by a worker ant]
   168 | D        | Reached XP level 3. HP: 9/31 MP: 3/3
   213 | D        | Reached skill level 5 in Fighting
   213 | D        | Reached skill level 5 in Armour
   213 | D        | Reached XP level 4. HP: 7/39 MP: 4/4
   469 | D        | Found a roughly hewn altar of Beogh.
   469 | D        | Found a snail-covered altar of Cheibriados.
   469 | D        | Found a shadowy altar of Dithmenos.
   469 | D        | Found a white marble altar of Elyvilon.
   469 | D        | Found a blossoming altar of Fedhas.
   469 | D        | Found an opulent altar of Gozag.
   470 | D        | Found a hazy altar of Hepliaklqana.
   471 | D        | Found a viscous altar of Jiyva.
   472 | D        | Found an ancient bone altar of Kikubaaqudgha.
   473 | D        | Found a corrupted altar of Lugonu.
   474 | D        | Found a burning altar of Makhleb.
   475 | D        | Found a sparkling altar of Nemelex Xobeh.
   476 | D        | Found an iron altar of Okawaru.
   477 | D        | Found a stormy altar of Qazlal.
   478 | D        | Found a sacrificial altar of Ru.
   479 | D        | Found a deep blue altar of Sif Muna.
   480 | D        | Found a bloodstained altar of Trog.
   481 | D        | Found a hide-covered altar of Uskayaw.
   482 | D        | Found a radiant altar of Vehumet.
   483 | D        | Found a shimmering altar of Xom.
   484 | D        | Became a worshipper of Warmaster Okawaru
   485 | D        | Found a basalt altar of Yredelemnul.
   486 | D        | Found a glowing silver altar of Zin.
   487 | D        | Found a glowing golden altar of the Shining One.
   533 | D        | Noticed a yak
   533 | D        | Noticed an orc warrior
   546 | D        | Reached skill level 5 in Shields
   556 | D        | Killed an orc warrior
   556 | D        | Reached skill level 5 in Long Blades
   556 | D        | Reached skill level 5 in Dodging
   556 | D        | Reached XP level 5. HP: 3/47 MP: 5/5
   562 | D        | Killed a yak
   562 | D        | Reached * piety under Okawaru
   562 | D        | Reached XP level 6. HP: 32/55 MP: 6/6
   692 | D        | Noticed a jumping spider
   692 | D        | Noticed a manticore
   692 | D        | Noticed a fire crab
   692 | D        | a jumping spider changed into a fire crab
   710 | D        | Killed an unseen horror
   710 | D        | Reached ** piety under Okawaru
   710 | D        | Reached XP level 7. HP: 28/62 MP: 6/9
   715 | D        | Noticed a cyclops
   715 | D        | a fire crab changed into a cyclops
   722 | D        | Noticed a manticore
   722 | D        | a cyclops changed into a manticore
   728 | D        | Killed a manticore
   728 | D        | Reached *** piety under Okawaru
   728 | D        | Reached XP level 8. HP: 15/70 MP: 7/11
   747 | D        | Reached skill level 5 in Invocations
   751 | D        | HP: 2/71 [manticore (shapeshifter)/volley of spikes (12)]
   763 | D        | Killed a manticore
  1101 | D        | Noticed a wyvern
  1101 | D        | Noticed a komodo dragon
  1105 | D        | Noticed a spiny frog
  1111 | D        | Reached **** piety under Okawaru
  1113 | D        | Reached XP level 9. HP: 63/78 MP: 11/13
  1125 | D        | Killed a komodo dragon
  1125 | D        | Reached skill level 10 in Fighting
  1125 | D        | Reached skill level 10 in Armour
  1140 | D        | Reached skill level 10 in Long Blades
  1158 | D        | Killed a spiny frog
  1175 | D        | Reached ***** piety under Okawaru
  1373 | D        | Noticed a spiny frog
  1373 | D        | Noticed a komodo dragon
  1379 | D        | Noticed a black mamba
  1387 | D        | Killed a komodo dragon
  1387 | D        | Reached skill level 10 in Shields
  1409 | D        | Killed a spiny frog
  1409 | D        | Reached XP level 10. HP: 86/87 MP: 9/16
  1446 | D        | Killed a black mamba
  1446 | D        | Reached skill level 10 in Dodging
  1896 | D        | Noticed Grum
  1921 | D        | Killed Grum
  1947 | D        | Noticed Harold
  1952 | D        | Noticed Erolcha
  1969 | D        | Killed Erolcha
  1969 | D        | Reached skill level 10 in Invocations
  1974 | D        | HP: 2/89 [Harold/bolt of fire (26)]
  1974 | D        | Killed from afar by Harold

Vault maps used:
D:        linesprint

Skill      XL: |  1  2  3  4  5  6  7  8  9 10 |
---------------+-------------------------------+-----
Dodging        | 1 2 3 5 6 7 8 9 10 | 10.9
Fighting       | 4 5 6 7 8 9 11 12 | 12.2
Long Blades    | 3 4 5 6 7 8 9 10 12 | 12.0
Armour         | 4 5 6 7 8 9 11 12 | 12.1
Shields        | 4 5 6 7 8 9 10 11 | 11.3
Invocations    | 3 4 6 8 10 | 10.0

Action                   |  1- 3 |  4- 6 |  7- 9 | 10-12 || total
-------------------------+-------+-------+-------+-------++-------
Melee: Long sword        |    74 |    46 |   148 |   190 ||   458
Invok: Heroism           |       |       |     3 |     1 ||     4
       Finesse           |       |       |     1 |     1 ||     2
  Use: Potion            |     1 |     3 |     7 |       ||    11
  Eat: Chunk             |       |       |     2 |     1 ||     3
       Fruit             |       |       |       |     5 ||     5
Armor: Scale mail        |    31 |       |       |       ||    31
       Plate armour      |       |    27 |    46 |    52 ||   125
Dodge: Dodged            |    16 |     6 |    31 |    55 ||   108
Block: Shield            |    29 |    23 |    60 |    86 ||   198
       Rpst.: Long sword |     5 |     4 |     6 |     8 ||    23
